Cogmind - Beta 14 @@@ ROGUE MODE // 2024.10.05 @ 15:58:56 Player: Jay Result: Self-destructed Performance ------------- Evolutions (1) 500 Regions Visited (3) 600 Robots Destroyed (3) 15 Value Destroyed (30) 30 Prototype IDs (0) 0 Alien Tech Used (0) 0 Bonus (0) 0 TOTAL SCORE: 1145 Bonus ------- None Cogmind --------- Core Integrity 85/400 Matter 300/300 Energy 100/100 System Corruption 6% Temperature Cool (0) Movement Core (50) Location -9/Materials Parts ------- > --- POWER (1) -------- (None) > --- PROPULSION (4) --- (None) > --- UTILITY (2) ------ (None) > --- WEAPON (2) ------- (None) > --- INVENTORY (5) ---- Light Ion Engine ECM Suite Peak State ------------ > --- POWER ------------ Light Ion Engine > --- PROPULSION ------- Aluminum Leg Aluminum Leg > --- UTILITY ---------- Improved Terrain Scanner Seismic Detector > --- WEAPON ----------- Light Assault Rifle Light Assault Rifle > --- INVENTORY -------- (None) [Rating: 9] Favorites ----------- Power Light Ion Engine Engine Light Ion Engine Propulsion Aluminum Leg Leg Aluminum Leg Utility Improved Terrain Scanner Device Improved Terrain Scanner Weapon Mining Laser Ballistic Gun Light Assault Rifle Special Weapon Mining Laser Build | -11 -10 -10 -9 ------- Run | Yrd Mat Min Mat Slots Evolved 2 | . . . 2 Power . | . . . . Propulsion 2 | . . . 2 Utility . | . . . . Weapon . | . . . . Parts Attached 11 | 8 3 . . Power 1 | 1 . . . Engine 1 | 1 . . . Core . | . . . . Reactor . | . . . . Propulsion 2 | 2 . . . Treads . | . . . . Leg 2 | 2 . . . Wheel . | . . . . Hover . | . . . . Flight . | . . . . Utility 3 | 2 1 . . Device 3 | 2 1 . . Storage . | . . . . Processor . | . . . . Hackware . | . . . . Protection . | . . . . Artifact . | . . . . Weapon 5 | 3 2 . . Energy Gun . | . . . . Energy Cannon . | . . . . Ballistic Gun 3 | 3 . . . Ballistic Cannon . | . . . . Launcher . | . . . . Special Weapon 2 | . 2 . . Impact Weapon . | . . . . Slashing Weapon . | . . . . Piercing Weapon . | . . . . Special Melee Weapon . | . . . . Unidentified Prototypes . | . . . . Parts Lost 7 | . . . 7 Power 1 | . . . 1 Propulsion 2 | . . . 2 Utility 2 | . . . 2 Weapon 2 | . . . 2 Highest Loss Streak 7 | . . . 7 To Critical Strikes . | . . . . Average Slot Usage (%) 93 | . 100 100 62 Engine 13 | . 14 14 8 Leg 26 | . 28 28 18 Device 26 | . 28 28 21 Ballistic Gun 8 | . 26 . . Special Weapon 17 | . 1 28 14 Peak Build Rating 9 | 9 9 9 9 Average Rating 8 | 4 9 9 7 On Entrance 6 | . 9 9 9 Naked Turns 4 | . . . 4 Heaviest Build 7 | 7 7 7 7 Greatest Support 20 | 20 20 20 20 Greatest Overweight (x) . | . . . . Average Overweight (x) . | . . . . Largest Inventory Capacity 5 | 5 5 5 5 Average Capacity 5 | 5 5 5 5 Most Carried 2 | . . 2 2 Average Carried . | . . 1 2 Final Capacity 5 | 5 5 5 5 Final Carried 2 | . . 2 2 Class Distribution -------------------- 100% | Mutant Dominant Class ---------------- Mutant | -10/Materials Mutant | -10/Mines Mutant | -9/Materials Resources | -11 -10 -10 -9 ----------- Run | Yrd Mat Min Mat Matter Collected 322 | 153 . 169 . Remotely . | . . . . Salvage Created 87 | 87 . . . Parts 11 | 9 . 2 . Haulers Intercepted . | . . . . Recyclers Shooed . | . . . . Parts Field Recycled . | . . . . Retrieved Matter . | . . . . Parts Self-Destructed . | . . . . Prevented . | . . . . Kills | -11 -10 -10 -9 ------- Run | Yrd Mat Min Mat Combat Hostiles Destroyed . | . . . . Classes Destroyed 2 | 2 . . . Tunneler 2 | 1 . 1 . Recycler 1 | 1 . . . Best Kill Streak 2 | 2 . 1 . Combat Bots Only . | . . . . Max Kills in Single Turn 1 | 1 . 1 . Gunslinging . | . . . . Exploded . | . . . . Melee . | . . . . Uniques/NPCs Destroyed . | . . . . Combat | -11 -10 -10 -9 -------- Run | Yrd Mat Min Mat Hostile Shots Fired 57 | . . 2 55 Missed 15 | . . . 15 Damage Taken 659 | . . 20 639 Core 315 | . . . 315 Absorbed by Shields . | . . . . Core Remaining (%) 100 | 100 . 100 . Volleys Fired 23 | 6 . 14 3 Largest 2 | 2 . 2 2 Hottest 200 | 40 . 200 200 Shots Fired 46 | 12 . 28 6 Gun 12 | 12 . . . Cannon . | . . . . Launcher . | . . . . Special 34 | . . 28 6 Kinetic 12 | 12 . . . Thermal 34 | . . 28 6 Explosive . | . . . . Electromagnetic . | . . . . Robot Hit Streak 2 | 2 . 2 1 Robot Miss Streak 4 | 2 . 4 2 Penetration Max . | . . . . Secondary Targets . | . . . . Shots Hit Robots 13 | 5 . 5 3 Core Hits 12 | 4 . 1 7 Critical Kills . | . . . . Critical Parts Destroyed . | . . . . Critical Strikes . | . . . . Melee Attacks . | . . . . Impact . | . . . . Slashing . | . . . . Piercing . | . . . . Sneak Attacks . | . . . . Combat Hostiles . | . . . . Follow-up Attacks . | . . . . Damage Inflicted 308 | 38 . 120 150 Guns 38 | 38 . . . Cannons . | . . . . Explosions . | . . . . Melee . | . . . . Ramming 78 | . . . 78 Kinetic 38 | 38 . . . Thermal 192 | . . 120 72 Explosive . | . . . . Electromagnetic . | . . . . Impact . | . . . . Slashing . | . . . . Piercing . | . . . . Highest Corruption 6 | . . . 6 Average Corruption 4 | . . . 4 Corruption Purged . | . . . . Corruption Blocked . | . . . . Overload Shots . | . . . . Overflow Damage 8 | . . 8 . Projectiles 8 | . . 8 . Explosions . | . . . . Melee . | . . . . Knockbacks . | . . . . Impact . | . . . . Kinetic . | . . . . Secondary . | . . . . Self-Inflicted Damage 22 | . . . 22 Shots . | . . . . Rammed 15 | . . . 15 Targets Rammed 35 | . . . 35 Kicked 20 | . . . 20 Crushed . | . . . . Highest Temperature 124 | . . 124 88 Average Temperature 42 | . . 43 37 Received Heat Transfer 192 | . . 12 180 Siege Activations . | . . . . Robots Corrupted . | . . . . Combat Hostiles . | . . . . Parts Fried . | . . . . Impact Corruptions . | . . . . Robots Melted . | . . . . Combat Hostiles . | . . . . Parts Melted . | . . . . Heat Transferred 400 | . . 250 150 Parts Sabotaged . | . . . . Parts Stolen . | . . . . Parts Stripped . | . . . . Power Chain Reactions . | . . . . Alert | -11 -10 -10 -9 ------- Run | Yrd Mat Min Mat Peak Influence 69 | 10 6 69 20 Initial 6 | . 6 1 . Average 19 | 1 6 33 9 Maximum Alert Level . | . . . . Low Security (%) 100 | 100 100 100 100 Level 1 . | . . . . Level 2 . | . . . . Level 3 . | . . . . Level 4 . | . . . . Level 5 . | . . . . High Security . | . . . . Max Security . | . . . . Squads Dispatched 1 | . 1 . . Investigation . | . . . . Extermination . | . . . . Reinforcement 1 | . 1 . . Assault . | . . . . Garrison . | . . . . Intercept . | . . . . Searches Triggered . | . . . . Construction Impeded . | . . . . Haulers Reinforced . | . . . . Active Scanning Responses . | . . . . Cargo Convoy Interrupts . | . . . . Stealth | -11 -10 -10 -9 --------- Run | Yrd Mat Min Mat Distress Signals . | . . . . Communications Jammed . | . . . . Distress Signals . | . . . . Times Spotted 4 | . 1 2 1 Peak Tracking Total 2 | . 1 2 1 Tactical Retreats 2 | . . 2 . Traps | -11 -10 -10 -9 ------- Run | Yrd Mat Min Mat Traps Triggered . | . . . . Indirectly . | . . . . Trap Hack Attempts . | . . . . Triggered . | . . . . Disarmed . | . . . . Reprogrammed . | . . . . Reused . | . . . . Traps Extracted . | . . . . Installed . | . . . . Triggered . | . . . . Machines | -11 -10 -10 -9 ---------- Run | Yrd Mat Min Mat Machines Disabled 1 | . . 1 . Max in Single Turn 1 | . . 1 . Machines Repaired . | . . . . Machines Dismantled . | . . . . Machines Sabotaged . | . . . . Overloaded Fab Kills . | . . . . Hacking | -11 -10 -10 -9 --------- Run | Yrd Mat Min Mat Machines Accessed 1 | . . . 1 Terminals 1 | . . . 1 Fabricators . | . . . . Repair Stations . | . . . . Recycling Units . | . . . . Scanalyzers . | . . . . Garrison Access . | . . . . Total Hacks 1 | . . . 1 Successful 1 | . . . 1 Failed . | . . . . Catastrophic . | . . . . Database Lockouts . | . . . . Manual . | . . . . Terminals 1 | . . . 1 Fabricators . | . . . . Repair Stations . | . . . . Recycling Units . | . . . . Scanalyzers . | . . . . Garrison Access . | . . . . Terminal Hacks 1 | . . . 1 Dispatch Records 1 | . . . 1 Fabricator Hacks . | . . . . Repair Station Hacks . | . . . . Recycling Unit Hacks . | . . . . Scanalyzer . | . . . . Garrison Access Hacks . | . . . . Unauthorized Hacks . | . . . . Terminals . | . . . . Fabricators . | . . . . Repair Stations . | . . . . Recycling Units . | . . . . Scanalyzers . | . . . . Garrison Access . | . . . . Data Cores Recovered . | . . . . Used . | . . . . Hacking Detections 1 | . . . 1 Full Trace Events . | . . . . Feedback Events . | . . . . Feedback Blocked . | . . . . Robot Schematics Acquired . | . . . . Robots Built . | . . . . Authchips . | . . . . Time . | . . . . Total Robot Build Rating . | . . . . Part Schematics Acquired . | . . . . Parts Built . | . . . . Authchips . | . . . . Time . | . . . . Total Part Build Rating . | . . . . Parts Repaired . | . . . . Time . | . . . . Parts Recycled . | . . . . Recycled Matter . | . . . . Retrieved Matter . | . . . . Retrieved Components . | . . . . Parts Scanalyzed . | . . . . Part Schematics Acquired . | . . . . Parts Damaged . | . . . . Bothacking | -11 -10 -10 -9 ------------ Run | Yrd Mat Min Mat Used RIF Installer . | . . . . Robots Hacked . | . . . . Non-combat . | . . . . Combat . | . . . . Robot Hacks Applied . | . . . . Relay Couplers Released . | . . . . Fabnet Peak Effective % . | . . . . Robots Rewired . | . . . . Allies Hacked . | . . . . Hacks Repelled . | . . . . Allies | -11 -10 -10 -9 -------- Run | Yrd Mat Min Mat Total Allies . | . . . . Largest Group . | . . . . Highest-Rated Group . | . . . . Highest-Rated Ally . | . . . . Total Orders . | . . . . Ally Attacks . | . . . . Total Damage . | . . . . Kills . | . . . . Allies Corrupted . | . . . . Allies Melted . | . . . . Intel | -11 -10 -10 -9 ------- Run | Yrd Mat Min Mat Robot Analysis Total . | . . . . Derelict Logs Recovered . | . . . . Drone Launches . | . . . . Drone Recoveries . | . . . . Exploration | -11 -10 -10 -9 ------------- Run | Yrd Mat Min Mat Turns Passed 955 | 117 244 456 138 Spaces Moved 517 | 78 153 235 51 Core 18 | 5 . . 13 Treads . | . . . . Legs 499 | 73 153 235 38 Wheels . | . . . . Hover . | . . . . Flight . | . . . . Fastest Speed 50 | 50 120 120 50 Average Speed 117 | 115 120 120 102 Slowest Speed 120 | 120 120 120 120 Overloaded Moves . | . . . . Propulsion Burnouts . | . . . . Robots Hopped . | . . . . Cave-ins Triggered . | . . . . Exploration Rate (%) 14 | 4 17 32 4 Regions Visited 3 Branch Regions 1 Pre-discovered Areas . | . . . . Known Exits Taken . | . . . . Unknown Exits Taken 3 | 1 1 1 . Scrap Searched 2 | . . 2 . Spaces Dug 13 | . . 13 . Terrain Destroyed 20 | . . 18 2 Melee . | . . . . Projectile 20 | . . 18 2 AOE . | . . . . Terrain Rammed . | . . . . Walls Destroyed . | . . . . Machines Disabled . | . . . . Actions | -11 -10 -10 -9 --------- Run | Yrd Mat Min Mat Total 742 | 91 212 325 114 Wait 157 | . 57 75 25 Move 514 | 77 152 234 51 Hop . | . . . . Pick Up 2 | . . 2 . Fast Attach 7 | 7 . . . Attach . | . . . . Detach . | . . . . Swap 4 | 1 3 . . Drop . | . . . . Fire 23 | 6 . 14 3 Melee . | . . . . Ram 15 | . . . 15 Kick 20 | . . . 20 Crush . | . . . . Escape Stasis . | . . . . Rewire . | . . . . Trap . | . . . . Miscellaneous . | . . . . Route ------- -11/Scrapyard -10/Materials (discovered 2 exits: *Mat / [*Min]) -10/Mines (discovered 2 exits: *Mat x2) -9/Materials (discovered 1 exit: [*Min]) History --------- Turn | Location | Event 5 | -11/Scrapyard | Discovered new exit (range 16) 118 | -11/Scrapyard | Entered Materials 215 | -10/Materials | Discovered new exit (range 12) 261 | -10/Materials | Discovered new exit (range 7) 312 | -10/Materials | Build established: Mutant 362 | -10/Materials | Entered Mines 390 | -10/Mines | Discovered new exit (range 4) 547 | -10/Mines | Found DCF Scrap (10 items) 704 | -10/Mines | Discovered new exit (range 14) 818 | -10/Mines | Entered Materials 818 | -9/Materials | Evolved 2 slots: Propulsion x2 842 | -9/Materials | Discovered new exit (range 16) 945 | -9/Materials | Core integrity fell below 50% 956 | -9/Materials | Self-destructed Last Messages --------------- 00942_ Imp. Terrain Scanner broken. 00942_ Destabilizing: Short circuit. 00943_ Slammed into Y-45 Defender. 00944_ Destabilizing: Core damaged (-20). 00946_ Slammed into Y-45 Defender. 00947_ Destabilizing: Core damaged (-16). 00948_ Slammed into Y-45 Defender. 00948_ Broken Imp. Terrain Scanner destroyed. 00950_ Slammed into Y-45 Defender. 00950_ Destabilizing: System corrupted (+1). 00951_ Slammed into Y-45 Defender. 00951_ Sensor Array broken. 00951_ Destabilizing: Short circuit. 00951_ Critical hit (Burn: +37). 00952_ Slammed into Y-45 Defender. 00952_ Broken Sensor Array destroyed. 00952_ System corrupted by crushing effect (+5). 00954_ Slammed into Y-45 Defender. 00954_ M-13 Machinist suffers critical hit (Burn). 00955_ Slammed into Y-45 Defender. Map ----- +----------------------------------------------------+ | | | | | | | | | | | | | | | | | | | | | | | | | | | | | | | | | | | | | ???????????#???#???#??????????????????????? | | ?????????#???##?#?????????????????????????? | | ?????#???????#????#????##???#?????????????? | | ??????????#????#???#????##????????????????? | | ?????????????????#????????????????????????? | | ????????????????##?#??????#???????????????? | | ????????????########????###???????????????? | | ????????????# Y@#?? T ##??????????????? | | ????#???????# %%m%# ##??????????????? | | ?????????#?## "%%!!+ """#???????????????? | | ??##????#?#?# T%%![# """#????? ?????????? | | ????????????# "%%% #? """#????? ?????????? | | ??#??????#??# %%%% #?? ? #?? ????????????? | | ?????#???#??####+######"######+#??????????? | | ????????????# % ?????? | | ??#??##?????#